 Dungeon Crawl Stone Soup version 0.24.0-125-gc4c63601f3 (webtiles) character file.

Game seed: 9319286432122612747, levelgen mode: deterministic

104947 CrazyMind the Deadly Accurate (level 15, -7/127 HPs)
             Began as a Centaur Gladiator on Feb 2, 2020.
             Was a High Priest of Okawaru.
             Mangled by a five-headed hydra (14 damage)
             ... on level 1 of the Swamp on Feb 18, 2020.
             The game lasted 03:47:00 (33816 turns).

CrazyMind the Deadly Accurate (Centaur Gladiator)  Turns: 33816, Time: 03:47:00

Health: -7/127     AC: 21    Str: 22    XL:     15   Next: 93%
Magic:  0/18       EV: 11    Int:  7    God:    Okawaru [*****.]
Gold:   2090       SH:  0    Dex: 15    Spells: 14/14 levels left

rFire    + . .     SeeInvis .   H - +3 halberd (vamp)
rCold    + . .     Gourm    .   (shield currently unavailable)
rNeg     . . .     Faith    .   P - +3 leather armour {MR+}
rPois    .         Spirit   +   c - +0 helmet
rElec    .         Reflect  .   u - +2 cloak {MR+}
rCorr    .         Harm     .   E - +2 pair of gloves {Dex+3}
MR       +++..                  a - +0 centaur barding {Stlth+}
Stlth    ++........             S - amulet of guardian spirit
HPRegen  0.31/turn              q - ring of protection from cold
MPRegen  0.16/turn              O - ring of protection from fire

@: very slightly contaminated, very quick
A: large, hooves 3, deformed body, speed 2, tough skin 3
a: Heroism, Finesse, Renounce Religion


You were on level 1 of the Swamp.
You worshipped Okawaru.
Okawaru was extremely pleased with you.
You were not hungry.

You visited 5 branches of the dungeon, and saw 24 of its levels.
You also visited: Bailey and Ice Cave.

You collected 2090 gold pieces.

Inventory:

Hand Weapons
 H - a +3 vampiric halberd (weapon)
Missiles
 b - a datura-tipped dart
 g - 4 atropa-tipped darts
 l - 654 stones
 D - 36 poisoned darts
 U - 2 curare-tipped darts
 V - 14 silver javelins (quivered)
 X - a throwing net
Armour
 a - a +0 centaur barding of stealth (worn)
 c - a +0 helmet (worn)
 u - a +2 cloak of magic resistance (worn)
 E - a +2 pair of gloves of dexterity (worn)
 P - a +3 leather armour of magic resistance (worn)
Jewellery
 e - an uncursed ring of protection from cold
 q - a ring of protection from cold (left hand)
 O - a ring of protection from fire (right hand)
 S - an amulet of guardian spirit (around neck)
 Z - an uncursed ring of resist corrosion
Wands
 k - a wand of digging (10)
 x - a wand of disintegration (20)
 z - a wand of random effects (6)
 F - a wand of enslavement (15)
 I - a wand of paralysis (12)
 J - a wand of flame (40)
 M - a wand of iceblast (3)
 N - a wand of polymorph (16)
 W - a wand of acid (10)
Scrolls
 d - a scroll of fog
 i - 12 scrolls of remove curse
 r - 3 scrolls of fear
 s - a scroll of identify
 v - a scroll of acquirement {unknown}
 A - 7 scrolls of teleportation
 C - a scroll of torment {unknown}
 G - 8 scrolls of magic mapping
 K - 4 scrolls of summoning
 R - a scroll of silence
Potions
 h - a potion of agility
 n - 3 potions of haste
 o - 11 potions of curing
 p - 2 potions of flight
 w - a potion of resistance
 B - 3 potions of mutation
 L - 2 potions of cancellation
 Q - a potion of lignification
Comestibles
 f - 41 rations
 t - 20 chunks of flesh


   Skills:
 + Level 10.3 Fighting
 + Level 13.8 Polearms
 + Level 17.3 Throwing
 + Level 7.3 Armour
 + Level 6.8 Dodging
   Level 4.5 Shields
 + Level 4.1 Invocations
 + Level 3.2 Evocations


You had 14 spell levels left.
You didn't know any spells.
Your spell library contained the following spells:

 Spells                   Type           Power        Failure   Level  Hunger
 Animate Skeleton         Necr           N/A          45%         1    ##.....
 Apportation              Tloc           #.....       45%         1    ##.....
 Confusing Touch          Hex            #.....       45%         1    ##.....
 Magic Dart               Conj           #...         45%         1    ##.....
 Summon Small Mammal      Summ           #...         45%         1    ##.....
 Blink                    Tloc           N/A          61%         2    ###....
 Call Imp                 Summ           #.......     61%         2    ###....
 Ensorcelled Hibernation  Hex/Ice        #.....       61%         2    ###....
 Slow                     Hex            #.......     61%         2    ###....
 Conjure Flame            Conj/Fire      #.......     83%         3    ####...
 Mephitic Cloud           Conj/Pois/Air  #.......     83%         3    ####...
 Summon Lightning Spire   Summ/Air       #.......     99%         4    #####..
 Borgnjor's Vile Clutch   Necr/Erth      #.........   100%        5    ######.
 Silence                  Hex/Air        #.........   100%        5    ######.
 Conjure Ball Lightning   Conj/Air       #.........   100%        6    #######
 Darkness                 Hex            #.........   100%        6    #######
 Deflect Missiles         Chrm/Air       #.........   100%        6    #######
 Shadow Creatures         Summ           N/A          100%        6    #######
 Tornado                  Air            #.........   100%        9    #######


Dungeon Overview and Level Annotations

Branches:
Dungeon (15/15)            Temple (1/1) D:6            Lair (6/6) D:8
  Swamp (1/4) Lair:4       Spider (0/4) Lair:4        Slime (0/5) Lair:5
    Orc (1/2) D:10         Vaults (0/5) D:13         Depths (0/5) D:15
 Bailey (visited)           IceCv (visited)

Altars:
Ashenzari
Cheibriados
Dithmenos
Elyvilon
Fedhas
Gozag
Hepliaklqana
Kikubaaqudgha
Makhleb
Nemelex Xobeh
Okawaru
Qazlal
Ru
Sif Muna
Trog
Uskayaw
Vehumet
Wu Jian
Xom
Yredelemnul
Zin
The Shining One
Jiyva

Shops:
D:4 (   D:6 (   D:15 *

Annotations:
D:13 2 runed translucent doors
D:15 3 runed translucent doors, Aroiluev's ghost, journeyman DsGl


Innate Abilities, Weirdness & Mutations

You have hooves in place of feet.
Armour fits poorly on your strangely shaped body.
You cover ground very quickly.
You have extremely tough skin. (AC +3)


Message History

Press: ? - help, Shift-Dir - straight line, f/p - five-headed hydra
Aim: a five-headed hydra (severely wounded, fast, unusually strong, frenzied and insane)
The mass of ice explodes!
The iceblast engulfs the five-headed hydra!
The five-headed hydra is severely wounded.
The five-headed hydra closely misses you.
The five-headed hydra barely misses you.
The five-headed hydra bites you.
* * * LOW HITPOINT WARNING * * *
The five-headed hydra bites you.
* * * LOW HITPOINT WARNING * * *
The five-headed hydra bites you!
* * * LOW HITPOINT WARNING * * *
The five-headed hydra roars!
The five-headed hydra bites you.
* * * LOW HITPOINT WARNING * * *
The five-headed hydra bites you.
* * * LOW HITPOINT WARNING * * *
The five-headed hydra bites you!
You die...

≈≈≈♣♣♣♣≈♣≈.....≈≈≈.≈≈≈..≈♣≈≈≈....
....≈.≈♣≈....††≈≈≈≈..§≈..≈≈.≈..≈≈
♣♣...≈♣...≈≈≈..≈≈≈≈≈.≈§≈..≈.....≈
♣♣....≈♣≈≈≈≈≈≈≈≈≈≈≈≈≈.≈≈....≈≈..≈
♣...≈§.♣≈≈≈≈≈≈≈≈≈≈......≈...≈≈≈.♣
.......≈......§≈≈.....≈≈≈≈≈.≈≈.≈♣
♣♣♣..........♣≈.....≈.§≈≈≈≈.≈♣♣♣♣
♣♣..####≈##..♣♣♣.....^≈≈≈≈......≈
♣..##....≈##..♣♣@.≈≈...≈≈≈.≈.≈≈≈.
..##.......##..♣D≈≈≈≈..§≈≈.≈.≈≈≈.
.##♣♣.♣.♣..♣##.♣..≈..≈≈≈≈....≈≈..
.#...≈.≈♣≈.....≈..≈..≈≈..≈≈.≈≈≈≈≈
....♣.≈≈≈♣♣≈.#.♣.≈≈≈.≈≈.≈♣♣♣.≈≈≈≈
.#.§.≈≈≈≈≈♣♣.#.♣).≈≈≈≈≈≈♣♣ ♣♣≈≈≈≈
.....≈≈≈≈≈♣÷.#.....≈≈≈≈.≈♣♣ ♣≈...
.....≈.≈.≈......§≈≈≈≈≈≈≈..♣♣♣..♣.
.##...♣♣....#..≈≈≈≈≈≈≈.....♣♣..♣♣


You could see a neutral five-headed hydra (insane).

Vanquished Creatures
  Kirke (Lair:4)
  A thorn hunter (Swamp:1)
  A frost giant (IceCv)
  An orc warlord (Bailey)
  A fire dragon (D:15)
  An ogre mage (D:13)
  Erolcha (D:9)
  An ice dragon (D:15)
  3 hydras
  5 centaur warriors
  4 tengu warriors
  6 alligators (Swamp:1)
  5 two-headed ogres
  5 death yaks
  Urug (Lair:1)
  4 skeletal warriors
  An unseen horror (D:14)
  A deep elf archer (D:13)
  4 deep elf magi
  Pikel (D:4)
  A wizard (D:14)
  A manticore (D:15)
  7 ugly things
  3 cyclopes
  An oklob plant (Lair:1)
  5 black mambas
  An ice statue (IceCv)
  9 spiny frogs
  A gargoyle (D:14)
  6 centaur skeletons
  3 rime drakes
  2 freezing wraiths (D:14)
  4 tengu conjurers
  10 komodo dragons
  2 queen bees
  4 tyrant leeches (Swamp:1)
  4 hornets
  3 meliai (Lair:6)
  20 polar bears
  2 trolls
  3 slime creatures (D:12)
  2 dream sheep (Lair:6)
  7 hippogriffs
  9 blink frogs
  2 bog bodies (Swamp:1)
  2 meliai zombies (D:14)
  13 spriggans (Lair:6)
  2 redbacks (Lair:4)
  Sigmund (D:4)
  4 hogs (Lair:5)
  A shadow (D:12)
  2 humans
  46 yaks
  2 steam dragons
  7 basilisks
  6 vampire mosquitoes (Swamp:1)
  A hungry ghost (D:13)
  7 swamp worms
  2 acid dragons
  2 soldier ants
  13 water moccasins
  A swamp drake (Swamp:1)
  12 porcupines
  13 orc warriors
  3 black bears
  4 slaves (D:4)
  13 ice beasts
  4 sky beasts
  2 phantoms
  An eye of draining (D:15)
  6 necrophages
  14 ogres
  6 boggarts
  43 wolves
  2 big kobolds (D:13)
  15 centaurs
  15 crocodiles
  19 bullfrogs
  A gnoll sergeant (D:5)
  A wyvern skeleton (D:13)
  36 killer bees
  4 scorpions
  5 wights
  3 howler monkeys
  2 centaur zombies
  7 crimson imps
  A bullfrog zombie (D:10)
  A quasit (D:12)
  10 orc priests
  9 hounds
  3 bullfrog skeletons
  7 jellies
  7 iguanas
  11 orc wizards
  16 worker ants
  Natasha (thrice) (D:4)
  A killer bee zombie (D:5)
  A hound skeleton (D:9)
  A hound zombie (D:5)
  9 gnolls
  7 adders
  A shadow imp (D:7)
  An ooze (D:7)
  An adder zombie (D:9)
  A worm (D:2)
  5 dart slugs
  5 leopard geckos
  45 orcs
  6 bats
  4 giant cockroaches
  11 goblins
  8 hobgoblins
  14 jackals
  4 quokkas
  2 ball pythons
  6 frilled lizards
  2 jackal skeletons
  21 kobolds
  A leopard gecko skeleton (D:9)
  2 leopard gecko zombies
  2 quokka skeletons
  10 rats
  A briar patch (Swamp:1)
  2 butterflies (D:6)
  A fungus (Lair:3)
746 creatures vanquished.

Vanquished Creatures (collateral kills)
  2 wights (D:5)
2 creatures vanquished.

Vanquished Creatures (others)
  An unseen horror (shapeshifter) (D:14)
  A wizard (D:3)
  A wight (D:5)
  2 jackals (D:4)
  A briar patch (Swamp:1)
  20 fungi
  30 plants
  8 toadstools (Swamp:1)
64 creatures vanquished.

Grand Total: 812 creatures vanquished

Notes
Turn   | Place    | Note
-------+----------+-------------------------------------------
     0 | D:1      | CrazyMind the Centaur Gladiator began the quest for the
                  | Orb.
     0 | D:1      | Reached XP level 1. HP: 17/17 MP: 1/1
   255 | D:1      | Reached XP level 2. HP: 23/24 MP: 2/2
   617 | D:2      | Reached XP level 3. HP: 28/29 MP: 3/3
  1049 | D:2      | Reached XP level 4. HP: 37/37 MP: 4/4
  1167 | D:3      | Noticed a black bear
  1474 | D:3      | Killed a black bear
  1474 | D:3      | Reached skill level 1 in Armour
  1474 | D:3      | Reached XP level 5. HP: 18/44 MP: 5/5
  1869 | D:3      | Found a bloodstained altar of Trog.
  1872 | D:3      | Noticed a wizard
  1880 | D:3      | Killed a wizard
  2266 | D:3      | Found a hazy altar of Hepliaklqana.
  2267 | D:3      | Found a sparkling altar of Nemelex Xobeh.
  2267 | D:3      | Found a radiant altar of Vehumet.
  2363 | D:4      | Found Joschafou's Weapon Shoppe.
  2519 | D:4      | Noticed Natasha
  2523 | D:4      | Killed Natasha
  2835 | D:4      | Reached XP level 6. HP: 51/51 MP: 6/6
  2867 | D:4      | Noticed Natasha
  2871 | D:4      | Killed Natasha
  2918 | D:4      | Noticed a slave
  2919 | D:4      | Noticed Pikel
  2949 | D:4      | Noticed a slave
  2976 | D:4      | Killed Pikel
  2976 | D:4      | Reached skill level 5 in Polearms
  2976 | D:4      | Reached skill level 3 in Throwing
  2976 | D:4      | Reached XP level 7. HP: 32/57 MP: 7/7
  3424 | D:4      | Noticed Natasha
  3432 | D:4      | Killed Natasha
  3494 | D:5      | Entered Level 5 of the Dungeon
  3661 | D:5      | Reached XP level 8. HP: 21/66 MP: 8/8
  4022 | D:5      | Reached skill level 4 in Throwing
  4364 | D:5      | Noticed Sigmund
  4777 | D:5      | Found a burning altar of Makhleb.
  4839 | D:6      | Reached skill level 5 in Throwing
  4992 | D:6      | Reached skill level 1 in Shields
  5314 | D:5      | Reached skill level 1 in Evocations
  5559 | D:6      | Found a staircase to the Ecumenical Temple.
  5571 | D:6      | Reached XP level 9. HP: 71/71 MP: 9/9
  5612 | Temple   | Entered the Ecumenical Temple
  5824 | Temple   | Became a worshipper of Warmaster Okawaru
  6151 | D:6      | Found a shimmering altar of Xom.
  6314 | D:6      | Found a blossoming altar of Fedhas.
  6422 | D:6      | Found Waeczuq's Weapon Emporium.
  6868 | D:7      | Reached skill level 6 in Throwing
  6903 | D:7      | Found a flagged portal.
  6915 | Bailey   | Entered a bailey
  6920 | Bailey   | Noticed an orc warlord
  7425 | Bailey   | Reached * piety under Okawaru
  7456 | Bailey   | Found a runed translucent gate.
  7456 | Bailey   | Found a runed translucent gate.
  7456 | Bailey   | Found a runed translucent gate.
  7886 | Bailey   | Killed an orc warlord
  7886 | Bailey   | Reached ** piety under Okawaru
  7886 | Bailey   | Reached skill level 8 in Throwing
  7886 | Bailey   | Reached XP level 10. HP: 44/80 MP: 10/10
  8224 | D:7      | Found a glowing golden altar of the Shining One.
  8513 | D:7      | Reached skill level 9 in Throwing
  9370 | D:8      | Found a white marble altar of Elyvilon.
  9387 | D:8      | Reached *** piety under Okawaru
  9678 | D:8      | Found a staircase to the Lair.
  9918 | D:8      | Found a shimmering altar of Xom.
  9926 | D:8      | Noticed a two-headed ogre
  9939 | D:8      | Killed a two-headed ogre
  9939 | D:8      | Reached skill level 10 in Throwing
 10099 | D:9      | Reached **** piety under Okawaru
 10301 | D:9      | Noticed Erolcha
 10343 | Lair:1   | Entered Level 1 of the Lair of Beasts
 10358 | Lair:1   | Noticed Urug
 10612 | D:9      | Reached skill level 5 in Fighting
 10620 | D:9      | Received a gift from Okawaru
 10796 | D:9      | Reached XP level 11. HP: 80/85 MP: 11/11
 11024 | D:9      | Killed Erolcha
 11024 | D:9      | Reached skill level 11 in Throwing
 11024 | D:9      | Reached skill level 5 in Armour
 11516 | D:10     | Entered Level 10 of the Dungeon
 11598 | D:10     | Found a staircase to the Orcish Mines.
 11690 | D:10     | Received a gift from Okawaru
 12818 | D:11     | Noticed a green ugly thing
 12829 | D:11     | Killed a green ugly thing
 13094 | D:12     | Noticed a deep elf mage
 13108 | D:12     | Killed a deep elf mage
 13108 | D:12     | Received a gift from Okawaru
 13116 | D:12     | Reached skill level 12 in Throwing
 13150 | D:12     | Found a frozen archway.
 13155 | D:12     | Reached ***** piety under Okawaru
 13170 | IceCv    | Entered an ice cave
 13546 | IceCv    | Received a gift from Okawaru
 13924 | IceCv    | Reached XP level 12. HP: 96/96 MP: 12/12
 14023 | IceCv    | Reached skill level 10 in Polearms
 14023 | IceCv    | Reached skill level 13 in Throwing
 14023 | IceCv    | Reached XP level 13. HP: 104/104 MP: 12/15
 14727 | IceCv    | Noticed a frost giant
 14757 | IceCv    | Killed a frost giant
 15424 | D:12     | Received a gift from Okawaru
 16653 | D:13     | Reached skill level 5 in Dodging
 17287 | D:13     | Reached skill level 14 in Throwing
 17894 | D:13     | Reached XP level 14. HP: 114/114 MP: 16/16
 17918 | D:13     | Received a gift from Okawaru
 18426 | D:13     | Found a large runed translucent door.
 18427 | D:13     | Found a large runed translucent door.
 18488 | D:13     | Found a gate to the Vaults.
 18902 | D:4      | Killed Sigmund
 19634 | D:14     | Reached skill level 15 in Throwing
 20040 | Orc:1    | Entered Level 1 of the Orcish Mines
 20160 | Lair:1   | Killed Urug
 22122 | Lair:2   | Received a gift from Okawaru
 22123 | Lair:2   | Got an ichor-stained scale mail {god gift}
 22134 | Lair:2   | Identified the +2 scale mail of the Last Lies {MP+9}
                  | (Okawaru gifted it to you on level 2 of the Lair of Beasts)
 23970 | Lair:4   | Found a hole to the Spider Nest.
 23989 | Lair:4   | Reached skill level 16 in Throwing
 24792 | Lair:4   | Found a staircase to the Swamp.
 25095 | Lair:5   | Noticed Kirke
 25695 | D:15     | Entered Level 15 of the Dungeon
 25894 | D:15     | Reached XP level 15. HP: 124/124 MP: 17/17
 25927 | D:15     | Found an ancient bone altar of Kikubaaqudgha.
 26069 | D:15     | Received a gift from Okawaru
 26070 | D:15     | Got an encrusted demon trident {god gift}
 26073 | D:15     | Identified the +4 demon trident of Emudot {pain, rPois
                  | Dex+4} (Okawaru gifted it to you on level 15 of the
                  | Dungeon)
 26376 | D:15     | Found a staircase to the Depths.
 26716 | D:15     | Found a runed translucent gate.
 26716 | D:15     | Found a runed translucent gate.
 26717 | D:15     | Found a runed translucent gate.
 26718 | D:15     | Found an opulent altar of Gozag.
 26748 | D:15     | Noticed Aroiluev's ghost (journeyman DsGl)
 26750 | D:15     | Noticed a tengu reaver
 26751 | D:15     | Found Monlux's Assorted Antiques.
 27524 | Lair:4   | Killed Kirke
 28300 | Lair:5   | Found a viscous altar of Jiyva.
 28300 | Lair:5   | Found a staircase to the Slime Pits.
 28734 | Lair:6   | Entered Level 6 of the Lair of Beasts
 29487 | Lair:5   | Reached skill level 17 in Throwing
 29738 | Lair:6   | Received a gift from Okawaru
 30821 | Lair:6   | Paralysed by a hornet for 2 turns
 30826 | Lair:6   | Received a gift from Okawaru
 30838 | Lair:6   | Reached skill level 10 in Fighting
 30922 | Lair:6   | Upgraded the game from 0.24.0-123-gd5b16e6ec5 to
                  | 0.24.0-125-gc4c63601f3
 31606 | Lair:6   | Received a gift from Okawaru
 32752 | Swamp:1  | Entered Level 1 of the Swamp
 32967 | Swamp:1  | Noticed a thorn hunter
 33019 | Swamp:1  | Killed a thorn hunter
 33808 | Swamp:1  | HP: 1/127 [five-headed hydra (8)]
 33816 | Swamp:1  | Mangled by a five-headed hydra

Levels and vault maps discovered:
D:1:      lightli_arrival_quake, layout_rooms, chequers_serial_rivers_micro_b
D:2:      layout_rooms
D:3:      layout_loops_ring, gammafunk_temple_overflow_forgotten,
          chequers_serial_rivers_small_a, trog_wizard
D:4:      layout_basic, first_ration, serial_shops, shop,
          ebering_dispersal_statue_hall, minmay_misc_feat_columns, uniq_pikel,
          uniq_natasha
D:5:      layout_rooms, lightli_temple_of_fire, uniq_sigmund
D:6:      layout_cave_pools, fedhas_altar_4, minmay_temple_entry_butterflies,
          basic_altar, serial_shops, kennysheep_little_box
D:7:      layout_gridville, enter_bailey_3, tso_metal_star
D:8:      layout_cave_pools, kennysheep_mini, elyvilon_altar_5
D:9:      layout_stronghold, uniq_erolcha
D:10:     layout_grid_maze, orc_0_dummy
D:11:     layout_loops_ring
D:12:     layout_loops_corners, portal_ice_cave_entry_ice_beasts,
          gauntlet_entry_generic
D:13:     layout_long_grid, hangedman_vaults_entry_quadrant_bands, special_room
          [special_room_orc], david_nohive_1, lightli_elemental_guards
D:14:     layout_rooms
D:15:     grunt_enter_depths_hoard, layout_cross, basic_altar,
          ebering_ghost_gozag, chequers_serial_rivers_room_b
Temple:   regret_index_temple_generic_petals
Lair:1:   layout_gridlike, beast_lair_carwin_4, lemuel_fruit_fields,
          minmay_lair_oklob_chamber, grunt_megastairs_4, uniq_urug
Lair:2:   layout_roguey, grunt_megastairs_3, lemuel_fruit_fields
Lair:3:   layout_hall_layers, kennysheep_basilisk_garden, grunt_megastairs_5,
          serial_bayou_shore_b
Lair:4:   layout_small_grid, nicolae_swamp_entry_splash_gauntlet,
          spider_nest_entry_webs
Lair:5:   layout_loops_ring, dpeg_slime_entry_enclosed_altar,
          eino_small_chamber_without_monster, grunt_megastairs_2, uniq_kirke
Lair:6:   minmay_lair_end_enchanted_forest, layout_cave_pods, special_room
          [special_room_bee], fungi_pond_lemuel, hangedman_lair_unloving_vines
Swamp:1:  cheibrodos_swamp_tower_of_moss, layout_basic_swamp,
          evilmike_swamp_ruin_house_3, swamp_pool1, roderic_carrion_pond,
          infiniplex_staircase_pool_2
Orc:1:    layout_caves, gammafunk_ghost_arena, nicolae_orc_rockfall,
          nicolae_orc_stony_grotto, uniq_jorgrun, uniq_fannar

Skill      XL: |  1  2  3  4  5  6  7  8  9 10 11 12 13 14 15 |
---------------+----------------------------------------------+-----
Polearms       | 3 4 5 6 7 8 9 10 11 12 13 | 13.8
Armour         | 1 2 3 4 5 6 7 |  7.3
Fighting       | 3 4 5 6 7 8 9 10 | 10.3
Throwing       | 3 5 8 10 12 13 14 16 17 | 17.3
Dodging        | 3 4 5 6 |  6.8
Shields        | 2 3 4 |  4.5
Evocations     | 1 2 3 |  3.2
Invocations    | 3 4 |  4.1

Action                   |  1- 3 |  4- 6 |  7- 9 | 10-12 | 13-15 || total
-------------------------+-------+-------+-------+-------+-------++-------
Melee: Trident           |    89 |   122 |   264 |       |     2 ||   477
       Kick              |     8 |    22 |    80 |    83 |   368 ||   561
       Halberd           |       |       |   146 |   314 |  1292 ||  1752
Throw: Stone             |    13 |    39 |    98 |       |   161 ||   311
       Dart              |       |       |    84 |    21 |    75 ||   180
       Throwing net      |       |       |     3 |       |       ||     3
       Boomerang         |       |       |   132 |   304 |   616 ||  1052
       Javelin           |       |       |       |       |    23 ||    23
Invok: Heroism           |       |       |       |     4 |    16 ||    20
       Finesse           |       |       |       |       |     4 ||     4
Evoke: Wand              |     1 |     6 |     9 |       |    18 ||    34
  Use: Potion            |       |       |     3 |     4 |    14 ||    21
       Scroll            |       |       |     4 |    10 |    11 ||    25
 Stab: Paralysed         |     2 |    12 |       |       |       ||    14
       Held in net/web   |       |       |     2 |       |       ||     2
       Distracted        |       |       |     1 |       |       ||     1
       Invisible         |       |       |       |       |     6 ||     6
       Sleeping          |       |       |       |       |     3 ||     3
  Eat: Chunk             |       |     5 |     7 |    16 |    39 ||    67
       Ration            |       |       |     2 |       |     4 ||     6
Armor: Leather armour    |    12 |       |       |       |   241 ||   253
       Ring mail         |     5 |    46 |    99 |    97 |   324 ||   571
       Chain mail        |       |       |    70 |    37 |       ||   107
       Acid dragon scale |       |       |       |       |   119 ||   119
Dodge: Dodged            |    23 |    45 |   140 |   131 |   652 ||   991
